 Dungeon Crawl Stone Soup version 0.02-207-g49f19f9342 (webtiles) character file.

Game seed: 4961459043934570868, levelgen mode: deterministic

378 MisterOstroum the Magician (level 6, -3/52 HPs) Immature Draconian Wizard. Began on Nov 29, 2020. Slain by a harpy skeleton (11 damage) ... on level 4 of the Dungeon. The game lasted 00:06:32 (1925 turns).

MisterOstroum the Magician (DrWz)                   Turns: 1925, Time: 00:06:32

Health: -3/52      AC:  7    Str: 10    XL:     6 ^: 192
Magic:  8/13       EV: 12    Int: 20    God:
Gold:   133        SH:  0    Dex:  9    Spells: 9/14 levels left

rFire    . . .     Vision   .   b - +0 hunting sling
rCold    . . .     Gourm    .   a - +0 short sword
rNeg     . . .     Faith    .   (armour unavailable)
rPois    .         Spirit   .   d - +0 hat
rElec    .         Reflect  .   (no cloak)
rCorr    .         Harm     .   (no gloves)
MR       .....                  (no boots)
Stlth    +.........             (no amulet)
HPRegen  0.27/turn              (no ring)
MPRegen  0.23/turn              (no ring)

@: lethally poisoned (-3 -> -4), very slightly contaminated
A: no body armour, unfitting armour, cold-blooded, AC +7
a: Breathe Dart


You were on level 4 of the Dungeon.
You were hungry.

You visited 1 branch of the dungeon, and saw 4 of its levels.

You collected 133 gold pieces.

Inventory:

Weapons
 a - a +0 short sword (weapon)
 b - a +0 hunting sling (weapon) Shields
 f - a +0 sai
Armour
 d - a +0 hat (worn)
Scrolls
 c - 4 scrolls of fear {!r}
 h - a scroll of immolation
 o - a scroll of summoning
Potions
 i - a potion of mutation
 j - a potion of agility {@q5 !q}
 k - a potion of might {@q3 !q}
 m - a potion of curing {@q1 !q}
 n - a potion of ambrosia
Comestibles
 e - 5 rations
 g - 3 chunks of flesh


   Skills:
 + Level 4.2 Fighting
 + Level 2.8 Dodging
 - Level 1.4 Stealth
 - Level 4.6 Spellcasting
 - Level 1.5 Summonings
 - Level 0.7 Translocations
 * Level 3.2 Fire Magic


You had 9 spell levels left.
You knew the following spells:

 Your Spells              Type           Power        Failure   Level  Hunger
a - Flame Tongue          Fire           17 (30)      3%          1    None
b - Call Imp              Summ           10 (100)     10%         2    #......
B - Blink                 Tloc           N/A          14%         2    #......

Your spell library contained the following spells:

 Spells                   Type           Power        Failure   Level  Hunger
 Conjure Flame            Fire           17 (100)     10%         3    ##.....
 Slow                     Hex            4 (100)      19%         2    #......
 Mephitic Cloud           Pois/Air       4 (100)      34%         3    ##.....


Dungeon Overview and Level Annotations

Branches:
Dungeon (4/8)
 Temple: D:4

Altars:
Cheibriados


Innate Abilities, Weirdness & Mutations

You cannot fit into any form of body armour.
Your plain brown scales are hard. (AC +7)
You can breathe rudimentary magical darts.
You are cold-blooded and may be slowed by cold attacks.


Message History

A white imp comes into view.
The orc hits you with a +0 mace (3).
The orc wizard gestures wildly while chanting.
The orc wizard seems to speed up.
Your white imp hits the orc (3).
Your white imp freezes the orc (2).
The orc hits your white imp with a +0 mace (4).
Your white imp gestures at the orc.
The puff of frost hits the orc (8)!
The orc dies!
Really read
l - a scroll of teleportation {@r3 !r}?
As you read the scroll of teleportation {@r3 !r}, it crumbles to dust.
You feel strangely unstable. The worker ant barely misses you (0).
The orc wizard hits your white imp with a +0 dagger (3).
The orc wizard hits your white imp but does no damage.
Your white imp hits the orc wizard (1).
Your white imp freezes the orc wizard (5).
Your surroundings suddenly seem different.
Found 6 gold pieces.
Found a stone staircase leading up.
A gnoll comes into view.
A gnoll comes into view.
The gnoll shouts!
The gnoll shouts!
A gnoll comes into view.
Found a ration.
There is a stone staircase leading up here.
The gnoll shouts!
You hear a shout! x2
Some of the chunks of flesh in your inventory have rotted away.
You climb upwards.
The orc shouts! x3
A worker ant, an orc and an orc priest come into view.
The orc shouts!
Found 17 gold pieces, an uncursed ring of fire and a +0 mace.
There is a stone staircase leading down here.
You climb downwards.
An ogre comes into view.
The ogre shouts!
The gnoll barely misses you (0).
There is a stone staircase leading up here.
An orc wizard comes into view.
Found a stone staircase leading up.
Casting: Call Imp (safe; 10% risk of failure)
Confirm with . or Enter, or press ? or * to list all spells.
A beastly little devil appears in a puff of frigid air.
Unknown command.
The orc wizard casts a spell.
The orc wizard flickers and vanishes!
Deactivating autopickup; reactivate with Ctrl-A.
An ogre and a phantom come into view.
The ogre shouts!
You hear a shout!
The gnoll hits your white imp (7)!
Your white imp gestures at the gnoll.
The puff of frost hits the gnoll (8)!
Found a wand of flame (21).
You see here 6 gold pieces.
Casting: Call Imp (safe; 10% risk of failure)
Confirm with . or Enter, or press ? or * to list all spells.
A beastly little devil appears in a puff of flame.
The gnoll hits your white imp (7)!
Your white imp dies!
The phantom blinks!
An orc wizard comes into view.
Unknown command.
A harpy skeleton comes into view.
Something hits your crimson imp (2).
The gnoll hits your crimson imp from afar with a +0 spear (8)!
Found a +0 war axe.
Casting: Call Imp (safe; 10% risk of failure)
Confirm with . or Enter, or press ? or * to list all spells.
You miscast Call Imp.
You are very lightly contaminated with residual magic.
Shadowy shapes form in the air around you, then vanish.
The gnoll hits your crimson imp but does no damage.
A sting appears from out of thin air!
The sting hits you but does no damage (0).
You are poisoned.
Your crimson imp hits the gnoll (2).
You feel sick. (1)
Something misses your crimson imp (0). The phantom closely misses you (0).
Your crimson imp hits the gnoll (3).
You feel sick. (1)
The orc wizard gestures wildly while chanting.
The orc wizard blinks!
Something hits your crimson imp (5).
Your crimson imp dies!
You hear a shout!
The harpy skeleton claws you (7)! The harpy skeleton claws you (3).
You feel sick. (1)
The harpy skeleton claws you but does no damage.
The harpy skeleton barely misses you (0).
The harpy skeleton misses you (0).
The harpy skeleton claws you but does no damage. x2
The harpy skeleton closely misses you (0).
The harpy skeleton claws you (6). The harpy skeleton claws you (8)!
* * * LOW HITPOINT WARNING * * *
You feel sick. (1)
The harpy skeleton misses you (0).
The harpy skeleton barely misses you (0).
An orc wizard comes into view.
It is wielding a +0 dagger and brandishing a wand of acid.
The harpy skeleton claws you (11)!
You die...

..............#
..............#
.........{O...###
..........g.#Og.#
.....g.O#####...# .
.....g..## #W...## ..
......og.# #.....##...
.........###Z......##.
<..........@..........
..............<.......
.....................%
......................
......................
........########......
......# ##.... ....
..... .... ...... ....
###


You could see a phantom, an ogre, an orc wizard (wandering), a gnoll and a harpy
skeleton.

Vanquished Creatures
  A bullfrog (D:2)
  3 jellies (D:2)
  6 giant cockroaches
  A gnoll (D:1)
  A sewer rat (D:2)
  A cinder newt (D:1)
  A worm (D:2)
  2 oozes (D:2)
  2 dart slugs (D:1)
  8 hobgoblins (D:1)
  2 ball pythons
  8 bats (D:1)
  3 bat skeletons (D:2)
  4 goblins (D:1)
  A kobold (D:2)
  A kobold skeleton (D:2)
  6 rats (D:1)
51 creatures vanquished.

Vanquished Creatures (collateral kills)
  A jelly (D:2)
  A giant cockroach (D:1)
  An adder (D:2)
  6 cinder newts
  An ooze (D:2)
  An orc (D:4)
  A bat (D:1)
12 creatures vanquished.

Vanquished Creatures (others)
  A sewer rat (D:2)
  A ball python (D:2)
  2 bats (D:2)
  A rat (D:2)
  A giant blowfly (D:2)
  116 withered plants (D:2)
122 creatures vanquished.

Grand Total: 185 creatures vanquished

Notes
Turn   | Place    | Note
-------+----------+-------------------------------------------
     0 | D:1      | MisterOstroum the Immature Draconian Wizard began the quest
                  | for the Orb.
     0 | D:1      | Reached XP level 1. HP: 14/14 MP: 5/5
     6 | D:1      | Reached XP level 2. HP: 24/25 MP: 4/7
    34 | D:1      | Learned a level 2 spell: Blink
    86 | D:1      | Learned a level 2 spell: Call Imp
   202 | D:1      | Reached XP level 3. HP: 22/30 MP: 2/8
   487 | D:1      | Reached skill level 1 in Fire Magic
   535 | D:1      | Reached XP level 4. HP: 38/38 MP: 7/10
  1311 | D:2      | Reached XP level 5. HP: 43/45 MP: 9/12
  1383 | D:2      | Found a snail-covered altar of Cheibriados.
  1463 | D:2      | Reached XP level 6. HP: 40/52 MP: 2/13
  1875 | D:3      | Noticed a wraith
  1875 | D:3      | Noticed a phantom
  1875 | D:3      | Noticed a phantom
  1875 | D:3      | Noticed a wraith
  1875 | D:3      | Noticed a scorpion
  1876 | D:3      | Noticed a phantom
  1876 | D:3      | Noticed a phantom
  1879 | D:4      | Noticed a guardian mummy
  1912 | D:4      | Noticed a phantom
  1925 | D:4      | Slain by a harpy skeleton

Levels and vault maps discovered:
D:1:      dpeg_chamrin_arrival_tetris, layout_basic, kennysheep_generic_room_7
D:2:      layout_sewer, trog_eyes_of_draining,
          bcadren_lemuel_inverted_doored_altar, first_ration
D:3:      layout_gridville, bcadren_nooodl_food_pyramid, ossuary_minmay_tomb_2a,
          uniq_eustachio
D:4:      layout_cross, minmay_temple_entry_mini_moons,
          hangedman_abyss_or_decor_passed, enter_ossuary_1, uniq_maurice,
          uniq_psyche, uniq_gastronok

Skill      XL: |  1  2  3  4  5  6 |
---------------+-------------------+-----
Fighting       | 2 3 4 |  4.2
Fire Magic     | 1 2 3 |  3.2
Dodging        | 2 |  2.8
Stealth        | |  1.4
Spellcasting   | |  4.6
Summonings     | |  1.5
Translocations | |  0.7

Action                   |  1- 3 |  4- 6 || total
-------------------------+-------+-------++-------
Melee: Unarmed           |    11 |       ||    11
       Short sword       |    10 |    42 ||    52
       Tailslap          |       |     2 ||     2
 Fire: Hunting sling     |    12 |    59 ||    71
 Cast: Flame Tongue      |    21 |    52 ||    73
       Call Imp          |     4 |    19 ||    23
       Blink             |     1 |       ||     1
  Use: Scroll            |       |     1 ||     1
  Eat: Chunk             |       |     3 ||     3
Armor: Skin              |    10 |    41 ||    51
Dodge: Dodged            |    22 |    97 ||   119
